Map: Para Site LE

Players

BichoPirulet - Winner!

  • Race: Terran Terran
  • League: Diamond
  • Spawn Location: 5:00

Love

  • Race: Zerg Zerg
  • League: Diamond
  • Spawn Location: 11:00

VOD

Have the link to the VOD?

Description

Wondering where i went so wrong, I think i know but you would know better <3

Time

  • Played on: Nov. 16, 2018, 4:45 a.m.
  • Length: 24:46
Show
View Real Time Build Order
Export as new Build Order

BichoPirulet Terran - Winner!

Build Orders: Reaper Expand 

Get SALT Encoding   

  12  0:01  SCV  
  13  0:14  SCV  
  14  0:17  Supply Depot  
  14  0:26  SCV  
  15  0:39  SCV  
  15  0:40  Barracks  
  16  0:44  Refinery  
  16  0:52  SCV  
  17  1:06  SCV  
  18  1:18  SCV  
  19  1:28  Reaper  
  19  1:30  Orbital Command  
  20  1:43  Command Center  
  20  1:56  SCV  
  20  1:59  Marine  
  22  2:06  Factory  
  22  2:12  Supply Depot, SCV  
  23  2:15  Refinery  
  23  2:22  Barracks Reactor  
  23  2:30  SCV  
  23  2:43  SCV  
  24  2:55  Orbital Command  
  24  2:56  Starport  
  24  2:58  SCV  
  25  3:05  Barracks Tech Lab  
  25  3:07  Hellion x2  
  25  3:10  SCV  
  30  3:22  SCV x2  
  30  3:24  Stimpack, Marine  
  34  3:34  Hellion x2, SCV  
  38  3:43  Marine  
  38  3:44  Viking  
  41  3:48  SCV  
  41  3:49  SCV  
  43  3:58  Supply Depot  
  43  4:01  Supply Depot  
  43  4:02  Hellion  
  45  4:07  SCV  
  46  4:20  Marine, Hellion, SCV x2  
  51  4:38  Starport Reactor  
  51  4:44  Barracks  
  51  4:46  Barracks  
  51  4:51  Factory Tech Lab  
  51  4:55  Marine, SCV x2  
  54  5:01  Command Center  
  54  5:06  Bunker  
  54  5:07  SCV x2  
  54  5:09  Supply Depot  
  56  5:15  Engineering Bay  
  56  5:16  Siege Tank  
  56  5:17  Medivac, Engineering Bay  
  61  5:21  SCV  
  61  5:26  Supply Depot  
  62  5:30  Medivac, SCV  
  65  5:35  Marine x2  
  65  5:37  Barracks Reactor  
  65  5:39  Combat Shield  
  65  5:40  Marauder  
  69  5:49  SCV x2  
  71  5:51  Refinery  
  71  5:52  Refinery  
  71  5:53  Supply Depot  
  71  5:59  Siege Tank  
  74  6:06  Marine x3, Supply Depot x2  
  74  6:09  Terran Infantry Weapons Level 1  
  77  6:14  Marine x2  
  77  6:17  Terran Infantry Armor Level 1  
  80  6:18  SCV  
  80  6:23  Orbital Command  
  80  6:24  Marine x2  
  80  6:25  Marine  
  83  6:32  SCV  
  84  6:33  Siege Tank  
  84  6:34  Marine  
  84  6:38  SCV  
  89  6:41  Liberator  
  89  6:42  Marine  
  89  6:45  Supply Depot  
  89  6:46  Marine x2  
  89  6:47  Marine  
  93  6:57  Marine  
  93  6:59  Medivac, Marine  
  100  7:03  Supply Depot  
  100  7:06  SCV x2  
  102  7:10  Marine x2  
  104  7:18  Marine x2  
  104  7:19  Siege Tank  
  109  7:25  Armory  
  109  7:26  Supply Depot  
  109  7:35  Marine x3  
  112  7:40  Marine x2  
  112  7:42  Barracks  
  112  7:43  Barracks  
  110  7:53  Marine  
  110  7:57  Marine x2  
  110  7:58  Marine, Siege Tank  
  116  8:03  Marine  
  114  8:11  Marine  
  115  8:15  Marine  
  116  8:22  Marine x2  
  116  8:24  Terran Infantry Armor Level 2, Terran Infantry Weapons Level 2  
  116  8:26  SCV x2  
  120  8:38  Marine x2  
  120  8:40  Barracks Reactor  
  122  8:42  Siege Tank  
  122  8:43  Marine x2  
  122  8:45  Barracks Reactor  
  122  8:47  Terran Vehicle Weapons Level 1  
  127  8:48  SCV  
  127  8:49  SCV  
  126  9:11  Marine x4  
  126  9:16  Liberator  
  127  9:23  Marine  
  127  9:24  Marine x3, Siege Tank  
  128  9:29  Marine x2  
  135  9:31  Factory  
  135  9:32  Marine x3  
  135  9:33  Orbital Command  
  141  9:49  Liberator  
  141  9:59  Marine x2  
  139  10:05  Marine x5  
  139  10:06  Marine, Siege Tank  
  153  10:13  Supply Depot  
  153  10:14  Supply Depot  
  153  10:15  Supply Depot, SCV x2  
  153  10:16  SCV  
  153  10:17  Supply Depot  
  153  10:19  Marine  
  153  10:20  Factory Tech Lab, Supply Depot  
  157  10:34  Marine  
  157  10:35  Marine, SCV x3  
  162  10:38  Supply Depot  
  162  10:40  Supply Depot  
  162  10:50  Marine  
  162  10:51  Marine x6, Siege Tank  
  162  10:52  Marine x2, Siege Tank  
  162  10:53  Terran Infantry Armor Level 3, Terran Infantry Weapons Level 3  
  162  10:55  SCV x2  
  179  10:57  Refinery  
  179  11:08  Marine x3  
  170  11:21  Marine  
  170  11:22  Marine x5  
  170  11:23  Medivac  
  170  11:24  Medivac  
  180  11:26  Marine x3  
  182  11:37  Siege Tank x2  
  182  11:39  Marine  
  167  11:40  Marine x5  
  134  11:50  Marine x3  
  131  11:56  SCV x2  
  131  11:57  Marine  
  131  11:58  Marine x2  
  136  12:06  Marine  
  136  12:07  Marine x2  
  139  12:08  SCV  
  139  12:09  Siege Tank x2, SCV  
  139  12:10  Marine  
  139  12:11  Refinery  
  139  12:12  Marine x2  
  139  12:14  Sensor Tower  
  139  12:15  Marine x3  
  151  12:18  Medivac x2  
  157  12:24  Marine x2  
  157  12:25  Marine  
  157  12:27  SCV x2  
  157  12:28  Marine, Terran Vehicle Weapons Level 2  
  163  12:30  Marine x2  
  163  12:33  Marine  
  166  12:46  Marine  
  166  12:47  Marine x4, Siege Tank  
  166  12:48  Marine, Siege Tank  
  166  12:49  Marine  
  166  12:50  Medivac  
  181  12:55  Marine x2  
  183  13:04  Marine x3  
  186  13:08  Marine x3  
  186  13:09  Marine  
  186  13:10  Command Center  
  190  13:12  Marine  
  190  13:18  Marine  
  192  13:22  Marine x2  
  194  13:28  Marine x4  
  195  13:54  Marine x5  
  125  14:40  Marine x3  
  125  14:41  Marine x6  
  125  14:42  Medivac x2, Siege Tank x2  
  137  14:58  Marine x6  
  107  15:07  Marine x3  
  107  15:12  Medivac  
  110  15:16  Marine x4, Siege Tank x2  
  110  15:18  Structure Armor  
  110  15:20  Terran Vehicle Weapons Level 3  
  120  15:25  Starport x2  
  120  15:28  Marine x5  
  121  15:33  Marine  
  126  15:40  Marine x3  
  126  15:42  Ghost Academy  
  129  15:45  Planetary Fortress  
  129  15:46  Marine  
  129  15:47  SCV x3  
  133  15:59  SCV  
  133  16:01  Marine x6  
  133  16:02  Marine x2, Siege Tank  
  145  16:12  Liberator x2  
  145  16:22  Marine  
  145  16:23  Marine x2  
  148  16:28  Marine  
  148  16:29  Marine x2  
  148  16:31  Starport Reactor  
  157  16:33  Starport Reactor  
  157  16:38  Barracks  
  157  16:43  Orbital Command  
  157  16:45  Barracks x2  
  157  16:47  Personal Cloaking  
  157  16:48  Marine x4  
  157  16:49  Marine x2  
  157  16:50  Siege Tank x2  
  157  16:53  Refinery x2  
  169  17:03  Marine x3  
  169  17:06  Marine x2  
  172  17:26  Liberator x4  
  172  17:27  Marine  
  172  17:28  Marine x3, Barracks Tech Lab  
  176  17:39  Marine  
  176  17:40  Marine x2  
  176  17:41  Barracks Tech Lab x2  
  176  17:42  Marauder  
  190  17:54  Marine  
  190  17:55  Marine, Marauder  
  190  17:56  Siege Tank x2  
  196  18:23  Marine x2  
  196  18:24  Marine x2  
  193  19:11  Marine x3  
  193  19:12  Marauder  
  193  19:14  Marauder  
  143  20:15  Liberator x4  
  143  20:16  Marine x2  
  143  20:17  Marine x8  
  143  20:19  Marine  
  143  20:20  Marine  
  112  20:31  Siege Tank x2  
  112  20:34  Marine x3  
  112  20:35  Marauder x2  
  137  20:46  Marine  
  137  20:47  Marine, Marauder x2  
  143  20:54  Terran Vehicle And Ship Armor Level 1  
  143  20:57  Marine, Marauder x2  
  128  21:09  Marine, Marauder  
  128  21:10  Marine x7  
  127  21:12  Siege Tank x2  
  127  21:15  Marine  
  127  21:17  Marine x2  
  136  21:25  Orbital Command  
  130  21:27  Marine  
  130  21:28  Marine x5  
  130  21:29  Marauder  
  130  21:30  Marauder  
  130  21:31  Marine  
  141  21:33  Marine  
  141  21:35  Medivac x4  
  141  21:36  Medivac x2, Marauder x2  
  158  21:42  Concussive Shells  
  158  21:45  Marine  
  158  21:46  Marine x4  
  163  21:50  Marauder  
  163  21:51  Marauder  
  167  21:55  Sensor Tower  
  167  21:57  Marauder x2  
  167  21:58  Refinery  
  167  22:01  Marine x3  
  172  22:02  Siege Tank x2  
  172  22:03  Marine x2  
  172  22:08  Marine x2  
  182  22:09  Medivac x5  
  182  22:11  Marine  
  195  22:25  Marine x2  
  195  22:26  Marauder  
  199  22:32  Marine  
  200  22:48  Terran Ship Weapons Level 1  
  200  23:09  Command Center x2  
  200  23:11  Command Center  
  200  23:23  Liberator x2  
  170  23:38  Marine x7  
  170  23:39  Marauder x4  
  191  24:00  Marauder  
  191  24:01  Marauder  
  189  24:05  Marine  
  189  24:06  Marine x7  
  168  24:10  Marine x2  
  167  24:21  Marine x2  
  167  24:23  Marine x2  
Show
View Real Time Build Order
Export as new Build Order

Love Zerg 

Build Orders: Hatch First 

Get SALT Encoding   

  12  0:01  Drone  
  13  0:13  Overlord  
  13  0:17  Drone  
  14  0:31  Drone  
  14  0:32  Drone  
  14  0:35  Drone  
  17  0:53  Hatchery  
  17  0:56  Drone  
  17  0:59  Drone  
  18  1:04  Extractor  
  17  1:15  Spawning Pool  
  17  1:18  Drone  
  17  1:21  Drone  
  18  1:29  Drone  
  19  1:39  Overlord  
  19  2:03  Queen  
  19  2:05  Queen  
  19  2:06  Zergling x4  
  19  2:08  Metabolic Boost  
  25  2:10  Drone  
  25  2:13  Drone  
  27  2:16  Drone  
  29  2:22  Drone  
  29  2:35  Drone x2  
  31  2:38  Overlord  
  31  2:50  Hatchery  
  30  2:56  Drone x2  
  30  2:57  Drone  
  33  3:00  Drone  
  35  3:05  Drone  
  35  3:10  Drone  
  36  3:14  Queen  
  36  3:17  Drone x2  
  40  3:21  Overlord  
  41  3:27  Drone x2  
  41  3:41  Roach Warren  
  40  3:43  Evolution Chamber  
  40  3:46  Evolution Chamber  
  38  3:50  Drone x4  
  38  3:51  Drone x3  
  38  3:55  Extractor, Drone  
  46  3:56  Extractor  
  46  4:01  Lair  
  44  4:05  Drone x2  
  44  4:09  Drone x2  
  48  4:16  Zerg Melee Weapons Level 1  
  48  4:18  Zerg Ground Armor Level 1  
  48  4:26  Drone x5  
  57  4:38  Roach x2  
  57  4:40  Overlord x2  
  57  4:46  Queen  
  56  4:53  Roach  
  58  5:00  Roach x4  
  58  5:01  Roach x2  
  70  5:11  Overlord x3  
  70  5:16  Overlord  
  70  5:25  Glial Reconstitution  
  70  5:29  Queen  
  72  5:37  Roach x3  
  72  5:38  Roach x4  
  86  5:47  Spore Crawler  
  85  5:51  Spore Crawler  
  85  5:52  Drone  
  85  5:53  Drone x2  
  85  5:54  Extractor, Drone x2  
  88  6:19  Roach x5  
  88  6:21  Overlord x2  
  98  6:27  Hatchery  
  98  6:31  Overlord x3  
  97  6:33  Overseer  
  97  6:47  Drone x6  
  98  6:48  Drone  
  104  7:00  Spine Crawler, Overseer  
  103  7:09  Hydralisk Den  
  103  7:12  Zerg Ground Armor Level 2  
  102  7:18  Zergling x2  
  102  7:19  Zergling x18  
  112  7:24  Pneumatized Carapace  
  112  7:39  Muscular Augments  
  109  7:58  Drone x2  
  109  7:59  Baneling Nest  
  108  8:13  Infestation Pit  
  108  8:19  Zerg Missile Weapons Level 1  
  102  8:22  Hydralisk  
  102  8:23  Hydralisk x8  
  102  8:24  Hydralisk x5  
  130  8:38  Queen  
  130  8:40  Drone x3  
  130  8:41  Drone x7  
  139  8:42  Drone x2  
  144  8:50  Grooved Spines  
  144  8:51  Extractor  
  144  8:53  Extractor  
  140  9:05  Hydralisk x3  
  140  9:08  Overlord x6  
  141  9:13  Centrifical Hooks  
  141  9:23  Overlord  
  141  9:24  Overlord x3  
  141  9:35  Hive  
  141  9:38  Hatchery  
  140  9:44  Drone x3  
  143  10:12  Zerg Melee Weapons Level 2  
  143  10:24  Zergling x2  
  143  10:25  Zergling x26  
  157  10:31  Zergling x2  
  157  10:33  Hatchery  
  157  10:47  Overseer  
  157  10:48  Overseer x3  
  157  10:49  Overlord  
  157  10:50  Overlord x2  
  157  10:54  Zergling x12  
  157  10:56  Baneling  
  162  10:57  Baneling x25  
  162  10:58  Baneling x2  
  162  11:00  Drone x2  
  162  11:01  Drone  
  145  11:14  Zergling x12  
  145  11:15  Zergling x6  
  147  11:28  Hydralisk x3  
  147  11:29  Zergling x2  
  120  11:58  Zergling x22  
  131  12:03  Hatchery  
  130  12:11  Drone x6  
  130  12:12  Drone x2  
  130  12:14  Hydralisk x2  
  130  12:15  Hydralisk x2  
  146  12:19  Zergling x2  
  144  12:39  Drone x3  
  144  12:42  Viper x4  
  144  12:43  Viper  
  162  12:50  Zerg Melee Weapons Level 3  
  162  12:51  Zerg Ground Armor Level 3  
  162  12:52  Adrenal Glands  
  162  13:02  Extractor  
  162  13:03  Extractor  
  160  13:17  Drone  
  160  13:23  Evolution Chamber  
  160  13:25  Evolution Chamber  
  154  13:45  Zergling x2  
  154  13:46  Zergling x50  
  154  13:47  Zergling x26  
  191  14:11  Ultralisk Cavern  
  191  14:13  Baneling x3  
  191  14:14  Baneling x28  
  123  14:35  Zergling x14  
  123  14:36  Zergling x16  
  117  14:52  Zergling x8  
  111  14:53  Zergling x6  
  97  15:08  Zergling x10  
  97  15:09  Zergling x6  
  92  15:22  Chitinous Plating  
  92  15:26  Viper x4  
  104  15:32  Overseer x3  
  104  15:36  Zergling x4  
  104  15:37  Zergling x2  
  107  15:45  Drone x4  
  111  15:51  Baneling  
  111  15:52  Baneling x17  
  111  16:06  Drone x3  
  111  16:07  Drone x3  
  123  16:11  Ultralisk  
  123  16:18  Ultralisk  
  129  16:25  Hydralisk  
  129  16:26  Hydralisk x2  
  135  16:38  Hydralisk x5  
  145  16:42  Zergling x4  
  147  16:56  Ultralisk  
  153  17:03  Zergling x2  
  153  17:04  Zergling x12  
  153  17:07  Hatchery  
  159  17:20  Zergling x2  
  159  17:21  Zergling x26  
  172  17:39  Hatchery  
  171  17:56  Hydralisk x14  
  199  17:59  Zergling x2  
  199  18:02  Baneling  
  199  18:03  Baneling x13  
  191  18:17  Hatchery  
  188  18:30  Ultralisk  
  194  18:55  Extractor  
  193  18:57  Extractor  
  190  19:03  Overseer  
  190  19:10  Hatchery  
  190  19:12  Hydralisk x5  
  196  19:39  Zergling x6  
  95  20:23  Hydralisk x4  
  95  20:24  Hydralisk x19  
  95  20:27  Zergling x10  
  95  20:28  Zergling x16  
  126  20:29  Zergling x4  
  125  20:49  Drone x4  
  120  21:00  Zergling x2  
  120  21:01  Zergling x32  
  125  21:12  Hydralisk x4  
  105  21:38  Ultralisk x2  
  105  21:39  Ultralisk  
  123  21:41  Zergling x6  
  123  21:42  Zergling x8  
  130  21:52  Queen  
  132  21:55  Drone x2  
  132  21:56  Drone x4  
  138  22:02  Extractor  
  137  22:12  Baneling  
  137  22:13  Baneling x7  
  137  22:14  Ultralisk x2  
  149  22:21  Viper  
  152  22:35  Extractor  
  151  22:39  Zergling x4, Extractor  
  151  22:40  Zergling x8  
  151  22:42  Hydralisk x5  
  166  22:58  Viper  
  153  23:09  Baneling x4  
  153  23:10  Baneling x3  
  99  23:35  Zergling x2  
  99  23:36  Zergling x32  
  99  23:37  Zergling x30  
Tags
 
Add a new tag
Caveats
  • Supply blocks, unpowered buildings, or Contaminate may cause inaccurate times.
  • Supply counts are checked every 10 seconds.